AoeStats
← I Drowned in my mind

Black Forest

508068334Analyzed
3v3 RM · 12d ago on Sep 20, 2026· 27m 1s· 6 players
Game mode
Random Map
Map size
Normal (6 player)
Population
200
Speed
Normal
Resources
Standard
Victory
Conquest
Starting age
Dark Age
Ending age
Imperial Age
RankedLock teamsTeams togetherTeam positionsShared explorationLock speedFull tech treeHidden civsTurbo modeCheats
Victory
Defeat
🇬🇧 Vietnamese · United Kingdom
902
+45
🇬🇧 Chinese · United Kingdom
902
+45
🇬🇧 Dravidians · United Kingdom
875
+46
910
-16
🇻🇳 Khmer · Vietnam
910
-17
🇨🇿 Italians · Czechia
908
-16
Catbus90
0:28 Loom
17:51 Feudal Age
18:56 Double-Bit Axe
20:52 Horse Collar
27:41 Castle Age
26:36 Stone Mining
26:54 Gold Mining
Dueryr
0:27 Loom
11:31 Feudal Age
15:54 Double-Bit Axe
15:52 Horse Collar
20:42 Castle Age
21:22 Fletching
24:17 Crossbowman
24:37 Pikeman
Ynyslas
11:09 Feudal Age
13:57 Horse Collar
14:11 Double-Bit Axe
19:54 Castle Age
18:09 Gold Mining
18:24 Stone Mining
Chillpia
0:26 Loom
16:48 Feudal Age
18:19 Wheelbarrow
19:35 Horse Collar
22:26 Castle Age
21:26 Stone Mining
21:25 Double-Bit Axe
23:50 Bow Saw
24:44 Heavy Plow
27:19 Hand Cart
I Drowned in my mind
11:39 Feudal Age
13:51 Double-Bit Axe
16:25 Castle Age
14:12 Double-Bit Axe
18:19 Bow Saw
18:33 Horse Collar
19:43 Wheelbarrow
23:01 Hand Cart
24:02 Heavy Plow
25:45 Gold Mining
yukinohana.htn
11:45 Feudal Age
12:11 Double-Bit Axe
12:07 Horse Collar
18:44 Castle Age
16:57 Gold Mining
20:12 Heavy Plow
20:24 Bow Saw
21:36 Gold Shaft Mining
24:42 Wheelbarrow
Connection lost

Rejoining the realm…

Still unreachable

The connection could not be restored.

Session expired

The server has moved on; the page needs a fresh start.